 Dungeon Crawl Stone Soup version 0.29.1-13-g9f3cf754e1 (webtiles) character file.

Game seed: 10729885410470442703

590260 protoss039 the Eclecticist (level 26, -18/213 HPs)
             Began as a Demonspawn Earth Elementalist on Feb 7, 2023.
             Was the Champion of Vehumet.
             Killed from afar by an orb of fire (22 damage)
             ... with a fireball
             ... on level 1 of the Realm of Zot on Feb 8, 2023.
             The game lasted 04:12:07 (75481 turns).

protoss039 the Eclecticist (DsEE)                  Turns: 75481, Time: 04:12:07

Health: -18/213    AC: 22    Str: 12    XL:     26   Next: 19%
Magic:  0/56       EV: 11    Int: 54    God:    Vehumet [******]
Gold:   4404       SH: 19    Dex: 18    Spells: 5/64 levels left

rFire   + + .      SeeInvis +   P - +9 dagger of Itucuesom {vorpal, rF+ rC+}
rCold   + + +      Faith    .   p - +5 kite shield {reflect}
rNeg    + + +      Spirit   +   O - +0 leather armour "Orchuara" {Fly Int+5 Dex-5 SInv}
rPois   ∞          Reflect  +   w - +3 hat of Pondering {ponderous, Will+ MP+10 Int+5}
rElec   +          Harm     .   R - +2 cloak {Will+}
rCorr   +          Rampage  .   (gloves unavailable)
Will    ++++.                   K - +0 pair of boots of Omission {Contam rC+ rN+ Int+8}
Stlth   ++........              q - amulet "Qetinus" {Will+ Regen+ Str+2}
HPRegen 1.25/turn               t - ring of Ixeist {rF+ Int+3 Dex+6}
MPRegen 0.70/turn               S - ring of the Princess {Wiz *Slow Will- rCorr Int+9}

@: swift, about to teleport, lich-form, flying, slowed, studying 2 skills, very
slow
A: draining attack, torment immunity, no potions, claws 3, thin metallic scales
3, spiny 3, magic shield, magic regeneration, magic link, corrupting presence 2
}: 3/15 runes: decaying, serpentine, silver
a: End Transformation, Renounce Religion


You were on level 1 of the Realm of Zot.
You worshipped Vehumet.
Vehumet was exalted by your worship.
You were an undead lich.
You visited 11 branches of the dungeon, and saw 47 of its levels.
You also visited: Trove, Bailey, Volcano and Wizlab.

You collected 8396 gold pieces.
You spent 3992 gold pieces at shops.

Inventory:

Hand Weapons
 i - the +9 staff of Wucad Mu {*channel}
   (You found it in a wizard's laboratory)

   It occasionally powers its wielder's spells, but with a chance of causing
   confusion or draining the wielder's intelligence.
   It becomes more likely to activate and less likely to backfire with increased
   Evocations skill.
 n - the +3 rapier of Qathavv Wets {freeze, Will+ Int+4 Dex+5}
   (You took it off a mummy priest on level 3 of the Crypt)

   It freezes those it strikes, dealing additional cold damage.
   It can also slow down cold-blooded creatures.
   Int:       It affects your intelligence (+4).
   Dex:       It affects your dexterity (+5).
   Will:      It increases your willpower.
 s - the +6 great sword "Azutsej" {speed, rF+ rN+ rCorr}
   (You took it off an ogre mage on level 5 of the Vaults)

   Attacks with this weapon are significantly faster.
   rF:        It protects you from fire.
   rN:        It protects you from negative energy.
   rCorr:     It protects you from acid and corrosion.
 P - the +9 dagger of Itucuesom (weapon) {vorpal, rF+ rC+}
   (You found it on level 3 of the Lair of Beasts)

   It inflicts extra damage upon your enemies.
   rF:        It protects you from fire.
   rC:        It protects you from cold.
Missiles
 H - 8 silver javelins
 J - 4 throwing nets
Armour
 j - a scarf of resistance
 p - a +5 kite shield of reflection (worn)
 w - the +3 hat of Pondering (worn) {ponderous, Will+ MP+10 Int+5}
   (You bought it in a shop on level 3 of the Vaults)

   Int:       It affects your intelligence (+5).
   MP:        It affects your magic capacity (+10).
   Will:      It increases your willpower.
 K - the +0 pair of boots of Omission (worn) {Contam rC+ rN+ Int+8}
   (You found it on level 3 of the Swamp)

   Int:       It affects your intelligence (+8).
   rC:        It protects you from cold.
   rN:        It protects you from negative energy.
   Contam:    It causes magical contamination when unequipped.
 O - the +0 leather armour "Orchuara" (worn) {Fly Int+5 Dex-5 SInv}
   (You bought it in a shop on level 9 of the Dungeon)

   Int:       It affects your intelligence (+5).
   Dex:       It affects your dexterity (-5).
   SInv:      It lets you see invisible.
   Fly:       It grants you flight.
 R - a +2 cloak of willpower (worn)
Magical Staves
 L - a staff of earth
Jewellery
 h - the ring "Kicrile" {Fire rPois rCorr Dex-5 Stlth+}
   (You found it on level 5 of the Vaults)

   [ring of fire]

   It enhances your fire magic.
   Dex:       It affects your dexterity (-5).
   rF:        It protects you from fire.
   rC:        It makes you vulnerable to cold.
   rPois:     It protects you from poison.
   rCorr:     It protects you from acid and corrosion.
   Stlth:     It makes you more stealthy.
 q - the amulet "Qetinus" (around neck) {Will+ Regen+ Str+2}
   (You found it on level 5 of the Vaults)

   [amulet of regeneration]

   Str:       It affects your strength (+2).
   Regen:     It increases your rate of health regeneration.
   Will:      It increases your willpower.
 t - the ring of Ixeist (left claw) {rF+ Int+3 Dex+6}
   (You found it in a treasure trove)

   [ring of dexterity]

   Int:       It affects your intelligence (+3).
   Dex:       It affects your dexterity (+6).
   rF:        It protects you from fire.
 y - the amulet of Voniadwy {Reflect rF+ Str+4 Int+3 SH+5}
   (You found it in a treasure trove)

   [amulet of reflection]

   It reflects blocked missile attacks.
   Str:       It affects your strength (+4).
   Int:       It affects your intelligence (+3).
   rF:        It protects you from fire.
   SH:        It affects your SH (+5).
 M - the ring "Izicuco" {rF+ SInv}
   (You found it on level 2 of the Swamp)

   [ring of see invisible]

   rF:        It protects you from fire.
   SInv:      It lets you see invisible.
 N - a ring of protection from cold
 S - the ring of the Princess (right claw) {Wiz *Slow Will- rCorr Int+9}
   (You acquired it on level 3 of the Snake Pit)

   [ring of wizardry]

   It improves your spell success rate.
   Int:       It affects your intelligence (+9).
   rCorr:     It protects you from acid and corrosion.
   *Slow:     It may slow you when you take damage.
   Will:      It decreases your willpower.
 U - a ring of flight
 V - the ring of Kiesulas {rF+ Will- Int+6}
   (You found it on level 5 of the Lair of Beasts)

   [ring of protection from fire]

   Int:       It affects your intelligence (+6).
   rF:        It protects you from fire.
   Will:      It decreases your willpower.
 X - the ring "Pahiodan" {rElec rN+ Will++}
   (You found it on level 3 of the Crypt)

   [ring of positive energy]

   rElec:     It insulates you from electricity.
   rN:        It protects you from negative energy.
   Will:      It greatly increases your willpower.
Wands
 o - a wand of quicksilver (27)
 F - a wand of digging (14)
 G - a wand of iceblast (35)
Scrolls
 c - 23 scrolls of teleportation
 g - 18 scrolls of immolation
 m - 4 scrolls of enchant armour
 r - 4 scrolls of amnesia
 v - 7 scrolls of torment
 z - 8 scrolls of fear
 D - 2 scrolls of blinking
 Q - 6 scrolls of magic mapping
 Y - 3 scrolls of butterflies
Potions
 a - 3 potions of resistance
 b - 3 potions of magic
 d - 13 potions of heal wounds
 e - 18 potions of might
 f - 8 potions of brilliance
 k - 8 potions of flight
 l - 9 potions of lignification
 u - 14 potions of mutation
 x - 6 potions of haste
 B - 32 potions of curing
 C - 9 potions of cancellation
 E - 11 potions of ambrosia
 T - 5 potions of invisibility
Miscellaneous
 A - a condenser vane
 W - a phantom mirror


   Skills:
 + Level 18.6 Fighting
 - Level 12.0 Armour
 - Level 2.1 Dodging
 - Level 2.1 Stealth
 - Level 15.0 Shields
 + Level 19.7 Spellcasting
 - Level 15.0 Conjurations
 + Level 14.1 Necromancy
 + Level 12.9 Transmutations
 * Level 8.8 Fire Magic
 - Level 6.0 Ice Magic
 - Level 6.0 Air Magic
 + Level 17.0 Earth Magic
 - Level 3.0 Poison Magic


You had 5 spell levels left.
You knew the following spells:

 Your Spells              Type           Power      Damage    Failure   Level
a - Statue Form           Tmut/Erth      80%        N/A       1%          6
b - Passwall              Tmut/Erth      100%       N/A       0%          2
c - Stone Arrow           Conj/Erth      100%       3d13      0%          3
d - Swiftness             Air            87%        N/A       1%          3
e - Necromutation         Tmut/Necr      70%        N/A       6%          8
f - Ignition              Fire           49%        3d14      11%         8
g - Shatter               Erth           63%        3d47*     5%          9
h - Iskenderun's Mystic   Conj/Tloc      94%        2d18      1%          4
i - Borgnjor's Vile Clut  Necr/Erth      73%        N/A       1%          5
j - Iron Shot             Conj/Erth      61%        9d11      1%          6
k - Freezing Cloud        Conj/Ice/Air   50%        6-21      1%          5

Your spell library contained the following spells:

 Spells                   Type           Power      Damage    Failure   Level
 Fire Storm               Conj/Fire      55%        8d14      36%         9
 Polar Vortex             Ice            43%        N/A       96%         9
 Beastly Appendage        Tmut           100%       N/A       0%          1
 Foxfire                  Conj/Fire      100%       2x1d9     0%          1
 Magic Dart               Conj           100%       1d8       0%          1
 Necrotise                Necr           100%       1d9       0%          1
 Sandblast                Erth           100%       2d20      0%          1
 Sting                    Tmut/Pois      100%       1d8       0%          1
 Searing Ray              Conj           100%       2d8       0%          2
 Static Discharge         Conj/Air       100%       3-16/arc  0%          2
 Sublimation of Blood     Necr           100%       N/A       0%          2
 Conjure Flame            Conj/Fire      100%       6-21      0%          3
 Vampiric Draining        Necr           100%       2d13      0%          3
 Animate Dead             Necr           100%       N/A       0%          4
 Dispel Undead            Necr           100%       3d31      0%          4
 Petrify                  Tmut/Erth      100%       N/A       0%          4
 Lee's Rapid Deconstruct  Erth           63%        3d30*     0%          5
 Apportation              Tloc           100%       N/A       1%          1
 Freeze                   Ice            100%       1d11      1%          1
 Slow                     Hex            100%       N/A       1%          1
 Blink                    Tloc           100%       N/A       1%          2
 Ensorcelled Hibernation  Hex/Ice        100%       N/A       1%          2
 Poisonous Vapours        Pois/Air       100%       N/A       1%          2
 Confusing Touch          Hex            52%        N/A       1%          3
 Dazzling Flash           Conj/Hex       100%       N/A       1%          3
 Frozen Ramparts          Ice            100%       1d16      1%          3
 Gell's Gravitas          Tloc           52%        N/A       1%          3
 Ignite Poison            Fire/Tmut/Pois 97%        N/A       1%          3
 Inner Flame              Hex/Fire       79%        N/A       1%          3
 Lesser Beckoning         Tloc           52%        N/A       1%          3
 Portal Projectile        Hex/Tloc       100%       N/A       1%          3
 Spider Form              Tmut/Pois      95%        N/A       1%          3
 Summon Guardian Golem    Hex/Summ       52%        N/A       1%          3
 Teleport Other           Tloc           52%        N/A       1%          3
 Tukima's Dance           Hex            52%        N/A       1%          3
 Anguish                  Hex/Necr       57%        N/A       1%          4
 Animate Armour           Summ/Erth      100%       N/A       1%          4
 Corpse Rot               Necr/Pois/Air  100%       N/A       1%          4
 Flame Wave               Conj/Fire      100%       2d21      1%          4
 Fulminant Prism          Conj/Hex       47%        3d21      1%          4
 Hailstorm                Conj/Ice       100%       3d20      1%          4
 Ice Form                 Ice/Tmut       100%       N/A       1%          4
 Leda's Liquefaction      Hex/Erth       49%        N/A       1%          4
 Olgreb's Toxic Radiance  Pois           71%        N/A       1%          4
 Sticky Flame             Conj/Fire      100%       2d11      1%          4
 Summon Ice Beast         Ice/Summ       71%        N/A       1%          4
 Summon Lightning Spire   Summ/Air       71%        N/A       1%          4
 Agony                    Necr           100%       N/A       1%          5
 Alistair's Intoxication  Tmut/Pois      63%        N/A       1%          5
 Blade Hands              Tmut           56%        N/A       1%          5
 Irradiate                Conj/Tmut      58%        3d31      1%          5
 Iskenderun's Battlesphe  Conj           100%       2d15      1%          5
 Lightning Bolt           Conj/Air       52%        1d74      1%          5
 Silence                  Hex/Air        35%        N/A       1%          5
 Cause Fear               Hex            26%        N/A       2%          4
 Passage of Golubria      Tloc           52%        N/A       2%          4
 Manifold Assault         Tloc           52%        N/A       6%          5
 Summon Forest            Summ/Tloc      26%        N/A       6%          5
 Summon Mana Viper        Hex/Summ       52%        N/A       6%          5
 Conjure Ball Lightning   Conj/Air       52%        3x3d18    1%          6
 Eringya's Noxious Bog    Tmut/Pois      47%        N/A       1%          6
 Simulacrum               Ice/Necr       63%        N/A       1%          6
 Starburst                Conj/Fire      55%        6d15      1%          6
 Dragon Form              Tmut           56%        N/A       1%          7
 Orb of Destruction       Conj           60%        9d15      1%          7
 Lehudib's Crystal Spear  Conj/Erth      61%        10d14     1%          8
 Spellforged Servitor     Conj/Summ      47%        N/A       2%          7
 Ozocubu's Refrigeration  Ice            43%        4d17      4%          7
 Storm Form               Tmut/Air       50%        N/A       4%          7
 Borgnjor's Revivificati  Necr           71%        N/A       4%          8
 Haunt                    Necr/Summ      57%        N/A       10%         7
 Maxwell's Capacitive Co  Air            43%        ∞         28%         8
 Chain Lightning          Conj/Air       52%        3d70      52%         9
 Enfeeble                 Hex            26%        N/A       85%         7
 Monstrous Menagerie      Summ           26%        N/A       85%         7
 Summon Hydra             Summ           26%        N/A       85%         7
 Discord                  Hex            26%        N/A       100%        8


Dungeon Overview and Level Annotations

Branches:
Dungeon (15/15) Zot: 24855  Temple (1/1) D:6 Zot: 5680    Lair (5/5) D:10 Zot: 21517
  Swamp (4/4) Lair:3 Zot: 17632   Snake (4/4) Lair:3 Zot: 16240   Slime (0/5) Lair:5
    Orc (2/2) D:10 Zot: 10143     Elf (3/3) Orc:2 Zot: 10814  Vaults (5/5) D:13 Zot: 15880
  Crypt (3/3) Vaults:2 Zot: 14563    Tomb (0/3) Crypt:3      Depths (4/4) D:15 Zot: 18750
    Zot (1/5) Depths:4 Zot: 5922  Bailey (visited)         Volcano (visited)
 WizLab (visited)

Altars:
Ashenzari
Cheibriados
Dithmenos
Fedhas
Gozag
Hepliaklqana
Kikubaaqudgha
Makhleb
Nemelex Xobeh
Okawaru
Qazlal
Ru
Sif Muna
Trog
Uskayaw
Vehumet
Wu Jian
Xom
Yredelemnul
Lugonu

Shops:
D:9 *   D:11 ?   Orc:2 :*::   Elf:1 ?   Elf:2 *   Snake:1 !*:**   Snake:4 !
Vaults:2 *   Vaults:3 [   Depths:1 =:=   Depths:2 *

Portals:
Hell: Depths:1 Depths:2 Depths:3 Depths:4
Abyss: Lair:1 Depths:3
Pandemonium: Depths:1 Depths:2 Depths:4
Ziggurat: Depths:4


Innate Abilities, Weirdness & Mutations

You are an undead lich.
Your unarmed attacks are suffused with negative energy.
You are immune to unholy pain and torment.
Your necromantic spells are more powerful.
You cannot drink.
You are immune to poison.
You have claws for hands.
You are completely covered in thin metallic scales. (AC +4, rElec)
You are completely covered in sharp spines.
When hurt, damage is shared between your health and your magic reserves.
You regenerate magic rapidly.
When low on magic, you restore magic in place of health.
Your presence sometimes corrodes or deforms those you injure.


Message History

Casting: Iron Shot (safe; 1% risk of failure)
Confirm with . or Enter, or press ? or * to list all spells.
You feel quick.
The purple draconian roars!
You hear a roar!
A green draconian comes into view. It is wielding a +0 flail.
You hear a roar!
You hear a shout!
Unknown command.
The death cob is struck by your spines. The death cob misses you.
You block the death cob's attack. The death cob hits you.
* * * LOW HITPOINT WARNING * * *
The death cob drains your vigour!
You feel as though you will be slow longer.
Unknown command.
You block the death cob's attack. The death cob is struck by your spines.
You destroy the death cob!
Vehumet accepts your kill.
The orb of fire glows deep purple.
The fireball explodes!
The fireball engulfs you! You resist.
* * * LOW HITPOINT WARNING * * *
You hear a shout!
There is a stone staircase leading down here.
You stop descending the stairs.
Your surroundings suddenly seem different.
An orb of fire comes into view.
Unknown command.
Okay, then.
You cannot drink potions in your current state!
Okay, then.
Okay, then.
Okay, then.
Okay, then.
Okay, then.
Okay, then.
Okay, then.
As you read the scroll of teleportation, it crumbles to dust.
You feel strangely unstable.
You feel the Orb delaying your translocation!
The orb of fire glows yellow.
The fireball explodes!
The fireball engulfs you!! You resist.
You die...

##+#
##...##
##.....##
##...⌠...##
#..L......#
#.........#
#.........#
##.....*.##
##.....##
##...##
###+##
#.#..###
......##


You could see an orb of fire.

Vanquished Creatures
  A dread lich (Vaults:5)
  2 ancient liches (Vaults:5)
  2 juggernauts
  Boris (thrice) (Vaults:2 D:15 Crypt:3)
  The ghost of Teduw the Impregnable, a veteran MiGl of Hepliaklqana (Crypt:3)
  Sojobo (Vaults:4)
  Bai Suzhen (Vaults:2)
  Saint Roka (Vaults:1)
  The ghost of Discosetron the Sorcerer, a veteran DjEE of Makhleb (Elf:3)
  3 golden dragons
  Jory (Crypt:1)
  A profane servitor (Crypt:3)
  A bone dragon (Crypt:3)
  Zenata (Vaults:4)
  The ghost of Essuos the Brawler, an adept TrGl of the Shining One (Depths:2)
  3 tentacled monstrosities
  3 liches
  4 titans (Vaults:5)
  A shard shrike skeleton (Crypt:1)
  3 deep elf blademasters (Elf:3)
  2 deep elf master archers (Elf:3)
  3 quicksilver dragons
  A death cob (Zot:1)
  6 sphinxes
  12 ancient champions
  4 thorn hunters
  Agnes (Elf:2)
  10 tengu reavers
  Kirke (Swamp:4)
  7 shadow dragons
  5 storm dragons
  Donald (Swamp:4)
  Roxanne (Elf:2)
  16 nagarajas
  4 revenants (Crypt:3)
  8 frost giants
  6 deep elf sorcerers (Elf:3)
  2 orc warlords
  5 iron dragons
  3 curse skulls
  A draconian scorcher (Depths:4)
  9 fire giants
  Aizul (Elf:2)
  19 vault wardens
  3 ghouls
  19 ironbound preservers
  6 deep elf elementalists
  2 draconian stormcallers (Depths:4)
  2 spriggan defenders (Depths:2)
  3 war gargoyles
  14 very ugly things
  5 ironbound thunderhulks
  24 stone giants
  8 vampire knights
  Azrael (D:13)
  A green draconian (Depths:4)
  5 deep elf demonologists (Elf:3)
  Nessos (Orc:2)
  7 deep elf annihilators
  A purple draconian (Depths:4)
  5 eleionomae
  13 dire elephants
  A yellow draconian (Depths:4)
  A red draconian (Depths:4)
  3 entropy weavers
  2 bunyips
  2 green deaths (Swamp:4)
  6 jiangshi
  4 eidola
  An orange crystal statue (WizLab)
  An acid blob zombie (Crypt:1)
  2 mummy priests (Crypt:3)
  A merfolk impaler (Depths:1)
  2 merfolk javelineers (Depths:1)
  10 ettins
  7 deep elf death magi
  10 fire dragons
  A crystal guardian (Vaults:3)
  5 deep elf high priests
  12 yaktaur captains
  6 ice dragons
  44 vault guards
  4 shambling mangroves
  2 rakshasas (Depths:2)
  A ghost crab (Swamp:1)
  3 peacekeepers
  4 great orbs of eyes
  6 spriggan air magi
  10 anacondas
  2 ice dragons (shapeshifter)
  2 catoblepae
  10 hydras
  19 centaur warriors
  5 salamander tyrants
  5 ironbound frosthearts
  4 ogre magi
  4 death yaks (Lair:3)
  10 two-headed ogres
  16 naga warriors
  A spriggan skeleton (Crypt:2)
  30 dancing weapons
  5 alligators
  8 boulder beetles
  3 deep troll shamans (Depths:2)
  2 death knights (Crypt:2)
  9 vampire magi
  9 deep troll earth magi
  2 spriggan berserkers (Depths:4)
  12 tengu warriors
  3 orc high priests (Orc:2)
  5 shock serpents
  A storm dragon zombie (Crypt:2)
  Nergalle (Lair:2)
  An emperor scorpion zombie (Crypt:2)
  23 naga sharpshooters
  8 hell knights
  15 spriggans
  Sonja (Lair:4)
  2 large abominations
  22 deep elf knights
  11 skeletal warriors
  A shadow wraith (Crypt:2)
  3 iron trolls
  4 salamander mystics
  8 sea snakes (Snake:2)
  4 goliath frogs
  5 naga ritualists
  An anaconda zombie (Crypt:3)
  4 spriggan druids
  5 flayed ghosts
  A death drake (shapeshifter) (Vaults:3)
  8 swamp dragons
  45 deep trolls
  2 orb spiders (shapeshifter)
  A sea snake (shapeshifter) (Depths:2)
  2 glowing orange brains (Depths:2)
  7 deep elf archers
  19 lindwurms
  12 bog bodies
  3 harpies (Vaults:1)
  12 necromancers
  An anaconda skeleton (Crypt:2)
  7 wizards
  16 orc knights
  37 deep elf pyromancers
  18 deep elf zephyrmancers
  A broodmother zombie (Crypt:3)
  16 ironbound convokers
  3 mana vipers
  15 phantasmal warriors
  5 orc sorcerers
  An eleionoma zombie (Crypt:2)
  16 elephants
  4 will-o-the-wisps
  3 oklob plants
  7 manticores
  24 ugly things
  6 cyclopes
  A shock serpent zombie (Crypt:3)
  6 centaur zombies (D:11)
  21 salamanders
  A faun (shapeshifter) (Depths:3)
  10 guardian serpents
  A dire elephant zombie (Crypt:3)
  7 rust devils
  3 moths of wrath (Zot:1)
  12 vault sentinels
  36 black mambas
  2 naga zombies (Crypt:3)
  3 molten gargoyles (Volcano)
  A titan simulacrum (Crypt:3)
  A gargoyle (Bailey)
  19 naga magi
  A naga skeleton (Crypt:3)
  A cane toad (shapeshifter) (D:11)
  3 orange demons
  16 cane toads
  3 efreet
  Maggie (D:7)
  An orc skeleton (Crypt:2)
  6 freezing wraiths
  8 komodo dragons
  2 hellwings (Depths:2)
  6 rime drakes
  2 kobold demonologists
  4 tengu conjurers
  36 yaktaurs
  A tormentor (Depths:2)
  A komodo dragon (shapeshifter) (Elf:2)
  3 trolls
  2 guardian mummies (Crypt:3)
  2 hydra zombies (Swamp:4)
  A harpy zombie (Crypt:3)
  A troll (shapeshifter) (D:13)
  21 hornets
  9 polar bears (Lair:5)
  A red devil (Depths:2)
  2 bloated husks
  3 wind drakes (shapeshifter)
  3 tyrant leeches
  16 blink frogs
  2 raiju (Lair:5)
  A meliai zombie (Crypt:1)
  48 slime creatures
  An air elemental (Elf:3)
  A centaur simulacrum (D:15)
  2 ettin skeletons (Crypt:3)
  9 shadows
  3 wyverns
  A fire dragon skeleton (Crypt:3)
  3 ushabtiu (Crypt:3)
  12 wraiths
  22 humans
  39 yaks
  11 water elementals
  3 hogs (Swamp:4)
  A fire bat (shapeshifter) (D:14)
  3 steam dragons (Lair:5)
  6 vampires
  8 basilisks
  10 vampire mosquitoes
  A chaos spawn (Depths:2)
  A small abomination (Swamp:4)
  13 fire elementals
  2 redbacks (shapeshifter)
  A neqoxec (Depths:2)
  15 swamp worms
  A swamp worm (shapeshifter) (Vaults:5)
  10 wargs
  60 nagas
  16 hell hounds
  An acid dragon (Lair:5)
  7 water moccasins
  A fire bat skeleton (Crypt:2)
  30 orc warriors
  A sky beast (D:7)
  12 black bears
  4 ice beasts
  A hog zombie (Crypt:3)
  4 ogres
  19 wolves
  A boggart (D:13)
  4 centaurs
  An elephant skeleton (Crypt:2)
  2 phantoms (D:5)
  A rime drake zombie (Crypt:2)
  Blork the orc (D:4)
  5 kobold brigands
  2 necrophages (Crypt:2)
  An elf zombie (Elf:1)
  A salamander zombie (Crypt:1)
  4 gnoll sergeants
  13 bullfrogs
  4 scorpions
  6 earth elementals
  4 wights (D:7)
  A wyvern skeleton (D:5)
  2 spriggan zombies
  8 electric eels
  A warg skeleton (Crypt:1)
  6 howler monkeys
  7 vampire bats (Bailey)
  7 wolf zombies (Bailey)
  7 hounds
  A jelly (D:7)
  22 orc priests
  3 centaur skeletons
  4 gnoll boudas
  5 iguanas (Lair:5)
  Ijyb (D:3)
  An iguana (shapeshifter) (D:14)
  Natasha (thrice) (D:3)
  29 orc wizards
  2 boggart zombies
  9 hell rats (Lair:4)
  An acid dragon zombie (Crypt:1)
  43 gnolls
  3 adders (D:4)
  A swamp drake zombie (Crypt:2)
  3 shadow imps
  A white imp (D:8)
  An iguana skeleton (Crypt:3)
  A lava snake skeleton (Crypt:1)
  4 worms
  The ghost of Sapher the Sneak, a weakling MeDe (D:5)
  65 orcs
  6 endoplasms
  6 giant cockroaches
  11 goblins
  9 hobgoblins
  8 jackals (D:2)
  7 quokkas
  A river rat zombie (Crypt:3)
  11 ball pythons
  A ball python skeleton (Crypt:2)
  4 bats
  A butterfly zombie (Crypt:3)
  A frilled lizard (D:1)
  A giant cockroach zombie (Crypt:3)
  17 kobolds
  20 orc zombies (Bailey)
  7 rats
  A river rat skeleton (Crypt:1)
  2 briar patches (Swamp:4)
  A bush (Lair:3)
  2 fire vortices (Volcano)
  2 lurking horrors (Lair:1)
2090 creatures vanquished.

Vanquished Creatures (others)
  A golden dragon (Vaults:5)
  A thrashing horror (Swamp:4)
  A deep elf knight (Elf:2)
  A deep elf zephyrmancer (Elf:3)
  A hornet (Swamp:2)
  A water elemental (Elf:3)
  3 humans (Swamp:4)
  17 foxfires
  49 fungi
  100 plants
  4 withered plants (D:11)
179 creatures vanquished.

Grand Total: 2269 creatures vanquished

Notes
Turn   | Place    | Note
-------+----------+-------------------------------------------
     0 | D:1      | protoss039 the Demonspawn Earth Elementalist began the
                  | quest for the Orb.
     0 | D:1      | Reached XP level 1. HP: 13/13 MP: 3/3
    92 | D:1      | Reached skill level 1 in Transmutations
   525 | D:1      | Gained mutation: You are partially covered in thin metallic
                  | scales. (AC +2) [demonic ancestry]
   525 | D:1      | Reached XP level 2. HP: 19/19 MP: 0/5
  1035 | D:2      | Reached XP level 3. HP: 25/25 MP: 3/6
  1355 | D:2      | Reached skill level 1 in Fighting
  1865 | D:3      | Learned a level 2 spell: Passwall
  1971 | D:3      | Noticed Natasha
  1978 | D:3      | Killed Natasha
  1979 | D:3      | Gained mutation: You are mostly covered in thin metallic
                  | scales. (AC +3) [demonic ancestry]
  1979 | D:3      | Reached XP level 4. HP: 29/33 MP: 0/7
  2214 | D:3      | Noticed Natasha
  2223 | D:3      | Killed Natasha
  2224 | D:3      | Gained mutation: You are partially covered in sharp spines.
                  | [demonic ancestry]
  2224 | D:3      | Reached XP level 5. HP: 32/39 MP: 3/9
  2426 | D:3      | Reached skill level 3 in Spellcasting
  2459 | D:3      | Noticed Natasha
  2462 | D:3      | Killed Natasha
  2785 | D:3      | Noticed Ijyb
  2797 | D:3      | Killed Ijyb
  2936 | D:3      | Learned a level 3 spell: Stone Arrow
  3249 | D:4      | Gained mutation: You have sharp fingernails. [demonic
                  | ancestry]
  3249 | D:4      | Reached XP level 6. HP: 47/47 MP: 7/10
  3834 | D:4      | Reached XP level 7. HP: 55/55 MP: 7/12
  4048 | D:4      | Reached skill level 4 in Spellcasting
  4162 | D:4      | Noticed Blork the orc
  4174 | D:4      | Killed Blork the orc
  4175 | D:4      | Reached skill level 5 in Fighting
  4175 | D:4      | Reached skill level 1 in Conjurations
  4611 | D:5      | Entered Level 5 of the Dungeon
  4810 | D:5      | Found a runed translucent gate.
  4810 | D:5      | Found a runed translucent gate.
  4810 | D:5      | Found a runed translucent gate.
  4889 | D:5      | Found a hazy altar of Hepliaklqana.
  4890 | D:5      | Found an iron altar of Okawaru.
  5132 | D:5      | Gained mutation: You regenerate magic rapidly. [demonic
                  | ancestry]
  5132 | D:5      | Reached XP level 8. HP: 60/62 MP: 3/14
  5261 | D:5      | Reached skill level 5 in Earth Magic
  5500 | D:5      | Noticed Sapher's ghost (weakling MeDe)
  5780 | D:5      | Reached skill level 5 in Spellcasting
  5785 | D:5      | Killed Sapher's ghost
  6026 | D:6      | Reached skill level 5 in Conjurations
  6357 | D:6      | Reached XP level 9. HP: 23/69 MP: 8/17
  6582 | D:6      | Found a staircase to the Ecumenical Temple.
  6589 | Temple   | Entered the Ecumenical Temple
  6841 | Temple   | Became a worshipper of Vehumet
  7394 | D:7      | Found a blossoming altar of Fedhas.
  7462 | D:7      | Noticed Maggie
  7468 | D:7      | Killed Maggie
  7469 | D:7      | Reached skill level 6 in Spellcasting
  7607 | D:7      | Reached * piety under Vehumet
  7607 | D:7      | Offered knowledge of Shock by Vehumet.
  8539 | D:7      | Learned a level 5 spell: Borgnjor's Vile Clutch
  8651 | D:8      | Found a flagged portal.
  8665 | D:8      | Gained mutation: When hurt, damage is shared between your
                  | health and your magic reserves. [demonic ancestry]
  8665 | D:8      | Reached XP level 10. HP: 80/80 MP: 2/20
  8719 | Bailey   | Entered a bailey
  8796 | Bailey   | Reached ** piety under Vehumet
  8796 | Bailey   | Offered knowledge of Scorch by Vehumet.
  8797 | Bailey   | Reached skill level 1 in Necromancy
  8983 | Bailey   | Reached skill level 7 in Spellcasting
  9040 | Bailey   | Noticed a gargoyle
  9044 | Bailey   | Killed a gargoyle
  9066 | Bailey   | Found the +5 robe of Night {Dark Will+ SInv}
  9162 | Bailey   | Identified the +2 helmet of Pibosch {Rampage rC+ rN+ Dex-5}
  9258 | Bailey   | Identified the +1 ring mail "Idyppig" {MP+9 Int+3}
  9378 | D:8      | Offered knowledge of Conjure Flame by Vehumet.
  9787 | D:8      | Reached *** piety under Vehumet
  9792 | D:8      | Reached skill level 1 in Armour
  9897 | D:8      | Found a shimmering blue altar of Sif Muna.
  9898 | D:8      | Found a sparkling altar of Nemelex Xobeh.
  9899 | D:8      | Found a shimmering altar of Xom.
 10407 | D:9      | Found a stormy altar of Qazlal.
 10492 | D:9      | Offered knowledge of Olgreb's Toxic Radiance by Vehumet.
 10560 | D:9      | Found Cuzxyhiduf's Assorted Antiques.
 10567 | D:9      | Bought 3 scrolls of identify for 150 gold pieces
 10567 | D:9      | Bought a scroll of identify for 50 gold pieces
 10567 | D:9      | Bought a scroll labelled TASTRE LYNUKLO for 25 gold pieces
 10725 | D:9      | Learned a level 4 spell: Olgreb's Toxic Radiance
 10729 | D:9      | Learned a level 3 spell: Swiftness
 10738 | D:9      | Learned a level 6 spell: Iron Shot
 10848 | D:9      | Bought an ivory war axe for 212 gold pieces
 10848 | D:9      | Identified the +1 war axe of Pitisch {vorpal, Dex+4} (You
                  | bought it in a shop on level 9 of the Dungeon)
 10848 | D:9      | Bought a twisted leather armour for 175 gold pieces
 10848 | D:9      | Identified the +0 leather armour "Orchuara" {Fly Int+5
                  | Dex-5 SInv} (You bought it in a shop on level 9 of the
                  | Dungeon)
 10879 | D:10     | Entered Level 10 of the Dungeon
 10907 | D:10     | Found a staircase to the Orcish Mines.
 10919 | D:10     | Found a staircase to the Lair.
 10928 | D:10     | Reached skill level 1 in Poison Magic
 10931 | D:10     | Reached skill level 1 in Air Magic
 11034 | D:10     | Noticed an orange demon
 11037 | D:10     | Noticed a rust devil
 11037 | D:10     | Reached **** piety under Vehumet
 11324 | D:10     | Gained mutation: When low on magic, you restore magic in
                  | place of health. [demonic ancestry]
 11324 | D:10     | Reached XP level 11. HP: 36/87 MP: 13/22
 11596 | D:10     | Offered knowledge of Fireball by Vehumet.
 11649 | D:10     | Found a hide-covered altar of Uskayaw.
 11747 | D:10     | Found a shadowy altar of Dithmenos.
 11781 | D:10     | Noticed a two-headed ogre
 11789 | D:10     | Killed a two-headed ogre
 12315 | D:11     | Found Temoibom's Magic Scroll Emporium.
 12319 | D:11     | Noticed a two-headed ogre
 12324 | D:11     | Killed a two-headed ogre
 12383 | D:11     | Bought a scroll of identify for 22 gold pieces
 12383 | D:11     | Bought a scroll of identify for 22 gold pieces
 12383 | D:11     | Bought a scroll of identify for 22 gold pieces
 12383 | D:11     | Bought a scroll of identify for 22 gold pieces
 12383 | D:11     | Bought a scroll of identify for 22 gold pieces
 12411 | D:11     | Noticed a green ugly thing
 12513 | D:11     | Reached skill level 8 in Spellcasting
 12608 | D:11     | Reached ***** piety under Vehumet
 12608 | D:11     | Offered knowledge of Ozocubu's Refrigeration by Vehumet.
 12648 | D:11     | Noticed a sun demon
 12659 | D:11     | Reached skill level 5 in Armour
 12712 | D:11     | Killed a green ugly thing
 12713 | D:11     | Reached skill level 5 in Necromancy
 12908 | D:11     | Learned a level 7 spell: Ozocubu's Refrigeration
 13172 | D:11     | Noticed a two-headed ogre
 13172 | D:11     | Noticed a two-headed ogre
 13176 | D:11     | Killed a two-headed ogre
 13179 | D:11     | Killed a two-headed ogre
 13180 | D:11     | Gained mutation: You have very sharp fingernails. [demonic
                  | ancestry]
 13180 | D:11     | Reached XP level 12. HP: 96/96 MP: 24/24
 13230 | D:11     | Noticed a centaur warrior
 13230 | D:11     | Noticed an ogre mage
 13235 | D:11     | Killed a centaur warrior
 13241 | D:11     | Killed an ogre mage
 13302 | D:11     | Noticed a five-headed hydra
 13307 | D:11     | Killed a five-headed hydra
 13601 | D:11     | Noticed a two-headed ogre
 13607 | D:11     | Killed a two-headed ogre
 13867 | D:11     | Noticed a centaur warrior
 13871 | D:11     | Killed a centaur warrior
 14490 | D:12     | Noticed an ogre mage
 14491 | D:12     | Noticed a two-headed ogre
 14491 | D:12     | Noticed a two-headed ogre
 14491 | D:12     | Noticed a two-headed ogre
 14493 | D:12     | Noticed a two-headed ogre
 14494 | D:12     | Reached skill level 10 in Fighting
 14498 | D:12     | Paralysed by an ogre mage for 3 turns
 14499 | D:12     | Killed an ogre mage
 14499 | D:12     | Killed a two-headed ogre
 14499 | D:12     | Killed a two-headed ogre
 14499 | D:12     | HP: 4/97 [two-headed ogre/+0 giant spiked club (16)]
 14500 | D:12     | Reached skill level 9 in Spellcasting
 14507 | D:11     | Killed a two-headed ogre
 14935 | D:12     | Killed a two-headed ogre
 14983 | D:12     | Noticed a two-headed ogre
 14987 | D:12     | Killed a two-headed ogre
 15011 | D:12     | Gained mutation: You are mostly covered in sharp spines.
                  | [demonic ancestry]
 15011 | D:12     | Reached XP level 13. HP: 79/103 MP: 22/26
 16811 | D:13     | Noticed Azrael
 16819 | D:13     | Killed Azrael
 16832 | D:13     | Reached skill level 10 in Spellcasting
 17632 | D:13     | Found a gate to the Vaults.
 17860 | D:13     | Learned a level 6 spell: Iron Shot
 17865 | D:14     | Reached skill level 11 in Spellcasting
 18187 | D:14     | Gained mutation: You are completely covered in thin
                  | metallic scales. (AC +4, rElec) [demonic ancestry]
 18187 | D:14     | Reached XP level 14. HP: 115/115 MP: 25/29
 19182 | D:15     | Entered Level 15 of the Dungeon
 19253 | D:15     | Found an ornate altar of the Wu Jian Council.
 19656 | D:15     | Found a staircase to the Depths.
 19656 | D:15     | Noticed a stone giant
 19661 | D:15     | Killed a stone giant
 20074 | Lair:1   | Entered Level 1 of the Lair of Beasts
 20267 | Lair:1   | Found a corrupted altar of Lugonu.
 20267 | Lair:1   | Found a one-way gate to the infinite horrors of the Abyss.
 20622 | Lair:1   | Offered knowledge of Lee's Rapid Deconstruction by Vehumet.
 21409 | Lair:2   | Reached skill level 12 in Spellcasting
 21622 | Lair:2   | Noticed Nergalle
 21628 | Lair:2   | Killed Nergalle
 22102 | Lair:2   | You fall into a shaft and drop 2 floors!
 22402 | Lair:4   | Noticed Sonja
 22406 | Lair:4   | Killed Sonja
 23517 | Lair:3   | Found a dark tunnel.
 23539 | Lair:3   | Identified the +9 dagger of Itucuesom {vorpal, rF+ rC+}
 23562 | Lair:3   | Learned a level 4 spell: Iskenderun's Mystic Blast
 23564 | Volcano  | Entered a volcano
 24123 | Lair:3   | Gained mutation: You have claws for hands. [demonic
                  | ancestry]
 24123 | Lair:3   | Reached XP level 15. HP: 124/124 MP: 31/31
 24261 | Lair:3   | Found a staircase to the Swamp.
 24329 | Lair:3   | Found a staircase to the Snake Pit.
 25457 | Lair:3   | Reached skill level 13 in Spellcasting
 25936 | Lair:5   | Entered Level 5 of the Lair of Beasts
 25946 | Lair:5   | Reached skill level 10 in Necromancy
 26251 | Lair:5   | Offered knowledge of Irradiate by Vehumet.
 26510 | Lair:5   | Reached skill level 10 in Conjurations
 26522 | Lair:5   | Learned a level 5 spell: Irradiate
 26940 | Lair:5   | Identified the ring of Kiesulas {rF+ Will- Int+6}
 27205 | Lair:5   | Reached skill level 10 in Earth Magic
 27776 | Lair:5   | Offered knowledge of Starburst by Vehumet.
 27929 | Lair:5   | Identified the +1 robe "Gocsesupp" {rPois Int+2 Dex+2}
 28117 | Lair:5   | Found a staircase to the Slime Pits.
 28355 | Lair:5   | Learned a level 6 spell: Starburst
 28468 | Orc:1    | Entered Level 1 of the Orcish Mines
 28504 | Orc:2    | Entered Level 2 of the Orcish Mines
 28569 | Orc:2    | Noticed Nessos
 28576 | Orc:2    | Killed Nessos
 29331 | Orc:2    | Found a staircase to the Elven Halls.
 29417 | Orc:2    | Reached skill level 1 in Fire Magic
 29672 | Orc:2    | Found Voysk's Book Shoppe.
 29672 | Orc:2    | Found Ragae's Book Shop.
 29674 | Orc:2    | Found Jeatir's Book Shoppe.
 29674 | Orc:2    | Found Edwosch's Assorted Antiques.
 29682 | Orc:2    | Bought a potion of curing for 120 gold pieces
 29682 | Orc:2    | Bought a scroll of teleportation for 120 gold pieces
 30166 | Swamp:1  | Entered Level 1 of the Swamp
 30180 | Lair:3   | Gained mutation: You are completely covered in sharp
                  | spines. [demonic ancestry]
 30180 | Lair:3   | Reached XP level 16. HP: 133/133 MP: 33/33
 30324 | Swamp:1  | Reached skill level 14 in Spellcasting
 30498 | Orc:2    | Bought the Catalogue of Frigid Blasphemous Mysteries for
                  | 616 gold pieces
 30505 | Orc:2    | Learned a level 5 spell: Freezing Cloud
 30635 | Swamp:1  | Reached XP level 17. HP: 140/140 MP: 23/35
 31518 | Swamp:2  | Reached skill level 1 in Ice Magic
 31657 | Swamp:2  | Identified the ring "Izicuco" {rF+ SInv}
 31902 | Swamp:2  | Reached ****** piety under Vehumet
 31910 | Swamp:2  | Offered knowledge of Yara's Violent Unravelling by Vehumet.
 31939 | Swamp:2  | Reached skill level 1 in Shields
 32084 | Swamp:2  | Paralysed by a hornet for 3 turns
 32807 | Swamp:2  | Got the Directory of the Damaging Birds
 33593 | Swamp:3  | Reached skill level 10 in Armour
 33649 | Swamp:3  | Identified the +0 pair of boots of Omission {Contam rC+ rN+
                  | Int+8}
 34004 | Swamp:4  | Entered Level 4 of the Swamp
 34413 | Swamp:4  | Noticed Kirke
 34414 | Swamp:4  | Offered knowledge of Conjure Ball Lightning by Vehumet.
 34419 | Swamp:4  | Killed Kirke
 34420 | Swamp:4  | Reached skill level 5 in Fire Magic
 34533 | Swamp:4  | Noticed Donald
 34622 | Swamp:4  | HP: 5/140 [Donald/+3 long sword of holy wrath (43)]
 35423 | Swamp:4  | Killed Donald
 35700 | Swamp:4  | Got the Codex of Reanimation Made Easy
 36118 | Swamp:4  | Noticed a tentacled monstrosity
 36396 | Swamp:4  | Killed a tentacled monstrosity
 36641 | Swamp:4  | Reached XP level 18. HP: 147/147 MP: 9/36
 36786 | Swamp:4  | Got a decaying rune of Zot
 36915 | Snake:1  | Entered Level 1 of the Snake Pit
 36915 | Snake:1  | Found Edwi Link's General Store.
 36958 | Snake:1  | Bought a scroll of teleportation for 36 gold pieces
 36986 | Snake:1  | Found Wuorghese's Book Shoppe.
 37060 | Snake:1  | Found Matan's General Store.
 37061 | Snake:1  | Found Zacelaqe's General Store.
 37064 | Snake:1  | Bought a potion of ambrosia for 96 gold pieces
 37064 | Snake:1  | Bought a potion of haste for 120 gold pieces
 37064 | Snake:1  | Bought a scroll of fear for 48 gold pieces
 37070 | Snake:1  | Bought a potion of curing for 45 gold pieces
 37070 | Snake:1  | Bought a scroll of magic mapping for 112 gold pieces
 37070 | Snake:1  | Bought a scroll of teleportation for 45 gold pieces
 37070 | Snake:1  | Bought a potion of heal wounds for 75 gold pieces
 37351 | Snake:1  | Found Ilajoy's Distillery.
 37360 | Snake:1  | Bought a potion of heal wounds for 80 gold pieces
 37360 | Snake:1  | Bought a potion of mutation for 128 gold pieces
 38033 | Snake:2  | Offered knowledge of Lehudib's Crystal Spear by Vehumet.
 38534 | Snake:2  | Reached skill level 5 in Air Magic
 38687 | Snake:2  | Reached skill level 15 in Spellcasting
 39320 | Snake:2  | Reached skill level 5 in Shields
 39815 | Snake:2  | Learned a level 8 spell: Lehudib's Crystal Spear
 40280 | Snake:3  | Reached skill level 15 in Fighting
 40645 | Snake:3  | Offered knowledge of Fire Storm by Vehumet.
 40645 | Snake:3  | Offered knowledge of Chain Lightning by Vehumet.
 40645 | Snake:3  | Offered knowledge of Polar Vortex by Vehumet.
 40969 | Snake:3  | Identified a scroll of acquirement
 41547 | Snake:3  | Acquired the ring of the Princess {Wiz *Slow Will- rCorr
                  | Int+9}
 41579 | Snake:4  | Entered Level 4 of the Snake Pit
 41631 | Snake:4  | Found Ohobajed's Distillery.
 41639 | Snake:4  | Bought a potion of heal wounds for 60 gold pieces
 41639 | Snake:4  | Bought a potion of curing for 36 gold pieces
 41639 | Snake:4  | Bought a potion of curing for 36 gold pieces
 41639 | Snake:4  | Bought a potion of magic for 96 gold pieces
 41639 | Snake:4  | Bought a potion of heal wounds for 60 gold pieces
 42170 | Snake:4  | Gained mutation: Your presence sometimes corrodes those you
                  | injure. [demonic ancestry]
 42170 | Snake:4  | Reached XP level 19. HP: 122/155 MP: 17/38
 42452 | Snake:4  | Reached skill level 5 in Ice Magic
 43395 | Snake:4  | Got a serpentine rune of Zot
 44764 | Elf:1    | Entered Level 1 of the Elven Halls
 45059 | Elf:1    | Got the Parchment of Left-Handed Secrets
 45189 | Elf:1    | Reached skill level 16 in Spellcasting
 45282 | Elf:1    | Found Wyptiptu's Magic Scroll Boutique.
 46409 | Elf:2    | Identified Roxanne's Codex of Transmutation
 46409 | Elf:2    | Noticed Roxanne
 46530 | Elf:2    | Killed Roxanne
 46575 | Elf:2    | Learned a level 6 spell: Statue Form
 46845 | Elf:2    | Got the Octavo of Sepulchral Wanderlust
 47098 | Elf:2    | Found Aklaum's Assorted Antiques.
 47333 | Elf:2    | Noticed Agnes
 47345 | Elf:2    | Killed Agnes
 47681 | Elf:2    | Found a runed translucent gate.
 47683 | Elf:2    | Found a runed translucent gate.
 47688 | Elf:2    | Found a runed translucent gate.
 48157 | Elf:2    | Reached XP level 20. HP: 32/164 MP: 7/40
 48625 | Elf:2    | Noticed Aizul
 48641 | Elf:2    | Killed Aizul
 49223 | Elf:3    | Entered Level 3 of the Elven Halls
 49414 | Elf:3    | Noticed Discosetron's ghost (veteran DjEE)
 49619 | Elf:3    | Paralysed by an air elemental for 1 turns
 50362 | Elf:3    | Found a runed translucent gate.
 50362 | Elf:3    | Found a runed translucent gate.
 50368 | Elf:3    | Found a runed translucent gate.
 50554 | Elf:3    | Identified the +0 leather armour "Kiyck" {rC+ Slay+3}
 50740 | Elf:3    | Killed Discosetron's ghost
 50741 | Elf:3    | Reached skill level 5 in Transmutations
 50950 | Elf:3    | Identified the +1 ring mail "Akecauts" {Rampage}
 51379 | Elf:3    | Identified the +4 plate armour "Gyossurch" {rF+ SInv}
 51427 | Elf:3    | Identified the +1 ice dragon scales "Jeruul" {Contam rElec
                  | rPois rF- rC++}
 51624 | Elf:3    | Got Luust's Parchment of the Mountains and the Brume
 51654 | Elf:3    | Got the Parchment of Lithic Impurities
 51690 | Elf:3    | Got Ulotar Yxke's Anthology of the Doomed Tempest
 51693 | Elf:3    | Identified the -1 pair of boots of Pikkafism {Will+}
 52057 | Vaults:1 | Entered Level 1 of the Vaults
 52598 | Vaults:1 | Reached skill level 17 in Spellcasting
 52834 | Vaults:1 | Reached skill level 10 in Shields
 53600 | Vaults:1 | Reached XP level 21. HP: 162/171 MP: 11/42
 54059 | Vaults:1 | Noticed Saint Roka
 55430 | Vaults:2 | Noticed Bai Suzhen
 55451 | Vaults:2 | Killed Bai Suzhen
 55692 | Vaults:2 | Found a staircase to the Crypt.
 56865 | Vaults:2 | Noticed Boris
 56870 | Vaults:2 | Killed Boris
 56964 | Vaults:2 | Found Ryziem's Assorted Antiques.
 56969 | Vaults:2 | Bought a scroll of blinking for 180 gold pieces
 56969 | Vaults:2 | Bought a potion of curing for 72 gold pieces
 57037 | Vaults:2 | Identified the +0 robe of the Vestibule of Hell {rN+ Str+5}
 58771 | Vaults:3 | Found Weim's Armour Emporium.
 58775 | Vaults:3 | Bought the +3 hat of Pondering {ponderous, Will+ MP+10
                  | Int+5} for 609 gold pieces
 58775 | Vaults:3 | Found the +3 hat of Pondering {ponderous, Will+ MP+10
                  | Int+5}
 60001 | Vaults:3 | Reached XP level 22. HP: 168/180 MP: 35/43
 60003 | Vaults:3 | Reached skill level 18 in Spellcasting
 60922 | Vaults:3 | You are sucked into a shaft and drop 1 floor!
 61631 | Vaults:4 | Noticed Zenata
 61639 | Vaults:4 | Killed Zenata
 61887 | Vaults:4 | Noticed Sojobo
 61890 | Vaults:4 | Paralysed by an air elemental for 1 turns
 61894 | Vaults:4 | Killed Sojobo
 63559 | Vaults:1 | Killed Saint Roka
 63734 | Depths:1 | Entered Level 1 of the Depths
 63780 | D:15     | Learned a level 9 spell: Shatter
 63791 | Depths:1 | Noticed Boris
 64212 | D:15     | Killed Boris
 64659 | Depths:1 | Found a one-way gate leading to the halls of Pandemonium.
 64737 | Depths:1 | Found a gateway to Hell.
 64829 | Depths:1 | Found a broken altar of Ashenzari.
 64887 | Depths:1 | Found Neguacon's Book Shoppe.
 64888 | Depths:1 | Found Xuepn's Jewellery Boutique.
 64888 | Depths:1 | Found Vigiwiul's Jewellery Boutique.
 64894 | Depths:1 | Bought an amulet of regeneration for 480 gold pieces
 65017 | Depths:2 | Noticed a juggernaut
 65034 | Depths:2 | Killed a juggernaut
 65035 | Depths:2 | Reached XP level 23. HP: 127/188 MP: 42/45
 65243 | Depths:2 | Identified the +1 robe of Amelioration {+Inv Fly Stlth+}
 65401 | Depths:2 | Reached skill level 15 in Conjurations
 66017 | Depths:2 | Reached skill level 15 in Earth Magic
 66272 | Depths:2 | Found a portal to a secret trove of treasure.
 66548 | Depths:2 | Found Piso's Changing Room.
 66792 | Depths:2 | You paid a toll of 6 scrolls of butterflies to enter a
                  | treasure trove
 66793 | Trove    | Entered a treasure trove
 66800 | Trove    | Identified the +6 eveningstar of the Scroll {elec, Drain
                  | +Blink Str-2 Int+9}
 66810 | Trove    | Identified the +3 pair of boots of Qiore {+Inv rElec rF-
                  | Stlth+}
 66812 | Trove    | Identified the ring of Juluelem {rN+ Will+ Str-4 Dex+4
                  | Slay+4}
 66817 | Trove    | Identified the ring of Ixeist {rF+ Int+3 Dex+6}
 66819 | Trove    | Identified the amulet of Voniadwy {Reflect rF+ Str+4 Int+3
                  | SH+5}
 67079 | Depths:3 | Noticed Essuos's ghost (adept TrGl)
 67165 | Depths:3 | Found a runed translucent door.
 67221 | Depths:3 | Found a shimmering altar of Xom.
 68083 | Depths:2 | Identified the +1 leather armour of Death's Door {Int+2}
 68094 | Depths:2 | Killed Essuos's ghost
 68185 | Depths:4 | Entered Level 4 of the Depths
 68391 | Depths:4 | Noticed a juggernaut
 68397 | Depths:4 | Killed a juggernaut
 68418 | Depths:4 | Found a magical portal.
 68433 | WizLab   | Entered Wucad Mu's Monastery
 68781 | WizLab   | Found the +9 staff of Wucad Mu {*channel}
 69122 | Depths:4 | Found a shimmering altar of Xom.
 69123 | Depths:4 | Found a shimmering altar of Xom.
 69124 | Depths:4 | Found a shimmering altar of Xom.
 69129 | Depths:4 | Found a one-way gateway to a ziggurat.
 69186 | Depths:4 | Found a shimmering altar of Xom.
 69186 | Depths:4 | Found a shimmering altar of Xom.
 69224 | Depths:4 | Found a shimmering altar of Xom.
 69226 | Depths:4 | Found a shimmering altar of Xom.
 69226 | Depths:4 | Found a shimmering altar of Xom.
 69409 | Depths:4 | Found a gate to the Realm of Zot.
 69872 | Crypt:1  | Entered Level 1 of the Crypt
 69885 | Vaults:2 | Learned a level 8 spell: Necromutation
 69985 | Crypt:1  | Noticed Jory
 69991 | Crypt:1  | Killed Jory
 70799 | Crypt:2  | Reached skill level 10 in Transmutations
 70907 | Crypt:2  | Reached XP level 24. HP: 193/197 MP: 42/45
 71016 | Crypt:2  | Reached skill level 19 in Spellcasting
 71466 | Crypt:2  | Reached XP level 25. HP: 204/204 MP: 46/46
 71471 | Crypt:3  | Entered Level 3 of the Crypt
 71961 | Crypt:3  | Noticed Boris
 71969 | Crypt:3  | Killed Boris
 72397 | Crypt:3  | Identified the +3 rapier of Qathavv Wets {freeze, Will+
                  | Int+4 Dex+5}
 72454 | Crypt:3  | Found a basalt altar of Yredelemnul.
 72458 | Crypt:3  | Found an ancient bone altar of Kikubaaqudgha.
 72474 | Crypt:3  | Identified the ring of Wymesirgh {rF+ rN+}
 72474 | Crypt:3  | Identified the ring "Pahiodan" {rElec rN+ Will++}
 72478 | Crypt:3  | Identified the ring of Greed {rElec rPois AC+4}
 72580 | Crypt:3  | Found a runed translucent door.
 72581 | Crypt:3  | Noticed Teduw's ghost (veteran MiGl)
 72706 | Crypt:3  | Found a staircase to the Tomb.
 72965 | Crypt:3  | Killed Teduw's ghost
 73183 | Vaults:4 | Learned a level 8 spell: Ignition
 73186 | Vaults:5 | Entered Level 5 of the Vaults
 73196 | Vaults:5 | Reached skill level 15 in Shields
 73209 | Vaults:5 | Noticed a dread lich
 73219 | Vaults:5 | Killed a dread lich
 73675 | Vaults:5 | Gained mutation: Your presence sometimes corrodes or
                  | deforms those you injure. [demonic ancestry]
 73675 | Vaults:5 | Reached XP level 26. HP: 83/213 MP: 26/46
 74099 | Vaults:5 | Identified the amulet "Qetinus" {Will+ Regen+ Str+2}
 74104 | Vaults:5 | Identified the +0 scale mail "Faetum" {Int+2}
 74105 | Vaults:5 | Identified the +8 dagger of Supply {freeze, rPois rC++
                  | Will+ Stlth+}
 74256 | Vaults:5 | Identified the +6 great sword "Azutsej" {speed, rF+ rN+
                  | rCorr}
 74400 | Vaults:5 | Noticed an ancient lich
 74412 | Vaults:5 | Killed an ancient lich
 74720 | Vaults:5 | Noticed an ancient lich
 74724 | Vaults:5 | Killed an ancient lich
 74762 | Vaults:5 | Identified the +2 shortbow "Boru" {flame, Fly rC- Will++
                  | Dex+9}
 74888 | Vaults:5 | Identified the ring "Kicrile" {Fire rPois rCorr Dex-5
                  | Stlth+}
 74905 | Vaults:5 | Identified the +3 hat of Etum {Rampage rF- rN++ MP+9}
 74970 | Vaults:5 | Got a silver rune of Zot
 75414 | Zot:1    | Entered Level 1 of the Realm of Zot
 75456 | Zot:1    | Noticed an orb of fire
 75478 | Zot:1    | HP: 10/213 [death cob (2)]
 75479 | Zot:1    | HP: 4/213 [orb of fire/fireball (7)]
 75480 | Zot:1    | Noticed an orb of fire
 75481 | Zot:1    | Killed from afar by an orb of fire

Illustrated notes

Levels and vault maps discovered:
D:1:      saegor_arrival_simple_b, layout_basic
D:2:      layout_basic
D:3:      cheibrodos_greedy_goblins, layout_loops_ring, marbit_many_paths,
          uniq_natasha, uniq_ijyb
D:4:      layout_basic, uniq_blork_the_orc
D:5:      layout_cave_pools, mainiacjoe_overflow_divided_tiny,
          gammafunk_ghost_necromancy
D:6:      layout_rooms, minmay_temple_entry_sparse_star
D:7:      layout_loops_ring, mainiacjoe_overflow_cross_hatched,
          grunt_decor_fettered, uniq_maggie
D:8:      layout_loops_cross, mainiacjoe_overflow_alcove_3, enter_bailey_2
D:9:      layout_basic, nicolae_qazlal_general_emergency, serial_shops,
          nicolae_shop_overgrown_old_shop
D:10:     layout_loops_ring, grunt_dithmenos_smoke_and_mirrors,
          nicolae_uskayaw_murder_on_the_dancefloor, david_lair_generic,
          orc_0_dummy, nicolae_lava_and_water, st_stairs_6
D:11:     minmay_the_grid_triangle_9x9_recursive_2
          [minmay_the_grid_triangle_9x9_prize_schism,
          minmay_the_grid_triangle_9x9_alien,
          minmay_the_grid_triangle_9x9_flanged_cone,
          minmay_the_grid_triangle_9x9_empty], layout_cave_pools, serial_undead,
          serial_undead_e, serial_undead_c, serial_undead_a, serial_undead_e,
          serial_undead_a, serial_undead_f, serial_shops, nicolae_stop_n_shop_2
D:12:     layout_cave_pools
D:13:     cheibrodos_fzero, layout_cave_pods, grunt_vaults_entry_tiered,
          uniq_azrael
D:14:     layout_basic
D:15:     grunt_enter_depths_snipers, layout_rooms, nicolae_wu_jian_wuxing_cycle
Temple:   chequers_temple_sunken
Lair:1:   hellmonk_ruined_rings, layout_gridlike, nicolae_quartered_pool_little,
          amcnicky_altar_lugonu_corruption
Lair:2:   layout_cave_pods, uniq_nergalle
Lair:3:   layout_loops_ring, skrybe_swamp_entry_bodies, dummy_snake_entry,
          nicolae_volcano_entry_vermiform, nicolae_lair_lil_pond,
          minmay_lair_oklob_items, st_stairs_8, hangedman_lair_generics_rect
Lair:4:   layout_roguey, serial_rivers, chequers_serial_rivers_room_b,
          chequers_serial_rivers_large_b, chequers_serial_rivers_marsh,
          chequers_serial_rivers_small_a, uniq_sonja
Lair:5:   guppyfry_lair_end_dragon, layout_cave_pods,
          hangedman_lair_caniforms_friends, dpeg_slime_entry_corner,
          lemuel_fruit_fields, serial_bayou_shore_a, lemuel_fruit_tree
Swamp:1:  layout_basic_swamp, hangedman_swamp_diagram
Swamp:2:  nicolae_swamp_phyte_club, layout_basic_swamp
Swamp:3:  layout_falls_marsh, hangedman_swamp_ruin_wall
Swamp:4:  swamp_vile, layout_basic_swamp, nicolae_swamp_necromancy_gone_wrong,
          infiniplex_staircase_pool, uniq_kirke, uniq_donald
Snake:1:  layout_rooms, serial_shops, shop, shop, shop, shop,
          nicolae_diamond_shop, grunt_megastairs_2
Snake:2:  layout_cave_pods, special_room, serial_bayou_lake_a,
          serial_bayou_shore_b
Snake:3:  layout_cave_town
Snake:4:  grunt_snake_rune_spirals, layout_onion_interference, serial_shops,
          shop
Orc:1:    dreamdust_dug_too_deep, layout_caves,
          gammafunk_ghost_berserking_beasts, uniq_snorg
Orc:2:    grunt_orc_tribal_feast, layout_diamond_mine, uniq_nessos
Elf:1:    layout_loops_corners, serial_shops, shop, minmay_elf_necromancy
Elf:2:    nicolae_elf_blades_splatter_lattice
          [nicolae_vaults_blade_armed_guards], layout_gridlike, serial_shops,
          nicolae_shop_crystal, item_on_display_b, grunt_megastairs_4,
          uniq_agnes, uniq_aizul, uniq_roxanne
Elf:3:    minmay_elf_hall_furrowed, layout_rooms, gammafunk_ghost_split
Vaults:1: hangedman_vaults_trim, nicolae_vaults_ninety_degrees,
          vaults_room_grunt_arrival_checkpoint, vaults_room_boxed,
          ontoclasm_vaults_spin, vaults_room_fancy_cross,
          ontoclasm_vaults_hangar, v_misc_11, v_misc_15,
          vaults_dpeg_encased_lava, nicolae_vaults_little_squares_4, v_misc_13,
          layout_vaults_ring, uniq_saint_roka
Vaults:2: nicolae_vaults_little_ls, grunt_vaults_focal,
          ontoclasm_vaults_gallery, ontoclasm_vaults_hangar, serial_ice_b,
          vaults_room_corners, minmay_crypt_entry_simple_corners,
          dpeg_vaults_monster_row, nicolae_vaults_little_squares_2,
          vaults_room_grid, ontoclasm_vaults_eye,
          nicolae_vaults_big_angled_halls, vaults_room_fours,
          grunt_vaults_twisty, vaults_mumra_chevron, layout_vaults_maze,
          serial_shops, nicolae_shop_hallway_plus, uniq_boris, uniq_bai_suzhen
Vaults:3: nicolae_vaults_windows_and_doors_thing, st_greater_box_1,
          hangedman_vaults_hat, v_misc_4, nicolae_vaults_stairing_the_circle,
          ontoclasm_vaults_tryst, vaults_room_large_hall, vaults_dpeg_diagonal,
          nicolae_vaults_gold_heap, vaults_dpeg_ring,
          nicolae_vaults_yaktaur_gun_rack, layout_vaults_big_cross,
          serial_shops, shop_statue
Vaults:4: vaults_standard_mumra_enter_the_diamond, hangedman_vaults_cutoff,
          v_misc_5, ontoclasm_vaults_idyll, hangedman_vaults_stitches,
          v_rooms_5, ontoclasm_vaults_ring_large, st_check,
          grunt_vaults_hallway_short, layout_vaults_chaotic_city, uniq_sojobo,
          uniq_zenata
Vaults:5: serial_shops
Crypt:1:  layout_chaotic_city, uniq_jory
Crypt:2:  layout_chaotic_city
Crypt:3:  lightli_unholy_cathedral, layout_chaotic_city,
          nicolae_tomb_entry_rubble_hallway, ebering_ghost_inner_flame,
          st_stairs_5, amcnicky_mini_corridor_feature, minivault_11
Depths:1: layout_cave_pools, hangedman_coc_ice_floe, pan_entry,
          serial_bayou_pond_a, ashenzari_conservatory_becter, minmay_shop_grove
Depths:2: minmay_quantized_circle, layout_basic, grunt_pan_entry_in_and_out,
          nicolae_trove_entry_free_sample, hangedman_geh_valley,
          serial_co_window_serial, co_window_corner_a, co_window_paths_a,
          co_window_corner_a, co_window_corner_a, co_window_paths_a,
          co_window_corner_cb, co_window_unsneaky_path_c, co_window_paths_d,
          glass_columns_b, glass_columns_a, nicolae_transmutations_shop
Depths:3: nicolae_cairo_tiling_very_big, layout_cave_shapes, abyss_entry,
          hellmonk_ghost_big_iron, grunt_hell_entry_dis_old, lemuel_tele_altar,
          minmay_metal_thing
Depths:4: grunt_zot_entry_bicorn, layout_cave_pools, enter_ziggurat_c,
          xom_redecorated, pan_entry, hell_entry, mu_enter_wizlab_5,
          grunt_ministairs_4, serial_bayou_shore_b
Zot:1:    layout_twisted_circle, uniq_josephina

Skill      XL: |  1  2  3  4  5  6  7  8  9 10 11 12 13 14 15 16 17 18 19 20 21 22 23 24 25 26 |
---------------+-------------------------------------------------------------------------------+-----
Transmutations | 1 3 6 8 9 10 11 12 | 12.9
Stealth        | 2 |  2.1
Dodging        | 2 |  2.1
Earth Magic    | 3 4 5 7 8 9 10 11 12 13 14 16 17 | 17.0
Fighting       | 1 2 3 4 5 6 7 8 9 10 12 13 14 15 16 17 18 | 18.6
Spellcasting   | 3 4 5 6 7 8 9 11 12 13 14 15 16 17 18 19 | 19.7
Conjurations   | 2 5 6 7 8 9 10 11 12 13 14 15 | 15.0
Necromancy     | 3 5 7 9 10 11 12 13 14 | 14.1
Armour         | 3 5 7 8 9 10 11 12 | 12.0
Poison Magic   | 2 3 |  3.0
Air Magic      | 1 3 4 5 6 |  6.0
Fire Magic     | 2 5 6 8 |  8.8
Ice Magic      | 3 4 6 |  6.0
Shields        | 3 6 8 10 11 13 14 15 | 15.0

Action                   |  1- 3 |  4- 6 |  7- 9 | 10-12 | 13-15 | 16-18 | 19-21 | 22-24 | 25-27 || total
-------------------------+-------+-------+-------+-------+-------+-------+-------+-------+-------++-------
Melee: Unarmed           |    11 |       |       |       |       |       |       |       |       ||    11
       Short sword       |    63 |     4 |       |       |       |       |       |       |       ||    67
       Falchion          |       |    37 |       |       |       |       |       |       |       ||    37
       Dagger            |       |     5 |    58 |    12 |   129 |    16 |   110 |    66 |    18 ||   414
       Halberd           |       |       |       |    80 |       |       |       |       |       ||    80
       Punch             |       |       |       |     1 |     2 |       |       |       |       ||     3
       War axe           |       |       |       |    24 |   119 |       |       |       |       ||   143
       Scimitar          |       |       |       |       |     5 |       |       |       |       ||     5
       Staff             |       |       |       |       |       |    18 |       |       |       ||    18
 Cast: Sandblast         |    58 |    51 |    53 |    19 |    39 |    28 |     9 |       |       ||   257
       Stone Arrow       |       |     2 |   119 |   193 |   113 |    13 |    14 |    15 |    14 ||   483
       Borgnjor's Vile C |       |       |       |    29 |   182 |   200 |   315 |   220 |    86 ||  1032
       Olgreb's Toxic Ra |       |       |       |    20 |   103 |     1 |    24 |       |       ||   148
       Iron Shot         |       |       |       |       |   108 |   217 |   306 |   371 |   140 ||  1142
       Passwall          |       |       |       |       |     1 |     1 |     6 |     1 |       ||     9
       Freezing Cloud    |       |       |       |       |       |    53 |    81 |    25 |     5 ||   164
       Starburst         |       |       |       |       |       |     6 |       |     1 |       ||     7
       Iskenderun's Myst |       |       |       |       |       |    22 |    48 |    40 |     5 ||   115
       Statue Form       |       |       |       |       |       |       |     5 |     8 |     2 ||    15
       Shatter           |       |       |       |       |       |       |       |    13 |    22 ||    35
       Necromutation     |       |       |       |       |       |       |       |     2 |    16 ||    18
       Swiftness         |       |       |       |       |       |       |       |     2 |     5 ||     7
       Ignition          |       |       |       |       |       |       |       |       |     1 ||     1
 Abil: End Transformatio |       |       |       |       |       |       |     3 |     6 |     3 ||    12
Evoke: Wand              |       |       |     2 |       |     6 |       |       |       |       ||     8
  Use: Scroll            |     3 |       |     6 |    19 |     8 |     6 |     8 |     2 |     5 ||    57
       Potion            |       |     2 |       |     2 |     2 |       |     5 |     7 |     4 ||    22
 Stab: Sleeping          |     2 |     2 |       |     1 |       |       |       |       |       ||     5
       Invisible         |       |       |       |       |       |       |       |     2 |       ||     2
Armor: Robe              |    40 |    29 |    47 |       |       |       |       |       |       ||   116
       Steam dragon scal |       |       |     7 |    53 |       |       |       |       |       ||    60
       Ring mail         |       |       |       |   144 |   349 |       |       |       |       ||   493
       Leather armour    |       |       |       |       |       |   105 |    76 |   143 |    41 ||   365
       Skin              |       |       |       |       |       |       |    18 |    41 |       ||    59
Dodge: Dodged            |    91 |    45 |    84 |   145 |   340 |   116 |   177 |   113 |    34 ||  1145
Block: Buckler           |       |       |       |       |       |    25 |       |       |       ||    25
       Kite shield       |       |       |       |       |       |    42 |   267 |   372 |   122 ||   803
       Reflection        |       |       |       |       |       |       |    55 |    27 |    12 ||    94
